 Dungeon Crawl Stone Soup version 0.19-a0-1682-g5114f93 (webtiles) character file.

3082 HungrySpirit the Covert (level 9, -3/58 HPs)
             Began as an Octopode Assassin on Sept 24, 2016.
             Was a Priest of Okawaru.
             Killed by divine providence
             ... invoked by an orc priest
              (11 damage)
             ... on level 8 of the Dungeon.
             The game lasted 00:11:40 (7435 turns).

HungrySpirit the Covert (Octopode Assassin)         Turns: 7435, Time: 00:11:41

Health: -3/58      AC:  5    Str: 14    XL:     9   Next: 89%
Magic:  18/18      EV: 19    Int: 17    God:    Okawaru [***...]
Gold:   40         SH:  0    Dex: 17    Spells: 0 memorised, 8 levels left

rFire  . . .     SeeInvis .     n - +1 rapier
rCold  + + .     Gourm    .     (no shield)
rNeg   . . .     Faith    .     (helmet restricted)
rPois  +         Spirit   .     L - amulet of magic regeneration
rElec  .         Dismiss  .     g - +3 ring of protection
rCorr  +         Reflect  .     o - ring of resist corrosion
MR     .....     Harm     .     u - ring of flight
Stlth  ++++++....               z - ring of Nuoraxt {Wiz rPois rC+ Str+4 Int+4}
                                K - ring of magical power
                                l - ring of protection from cold
                                (no ring)
                                (no ring)

@: no status effects
A: almost no armour, stealthy swim, amphibious, 8 rings, constrict 8, camouflage
1, blurry vision 1, mutation resistance 1, gelatinous body 1
a: Heroism, Renounce Religion, Evoke Flight


You were on level 8 of the Dungeon.
You worshipped Okawaru.
Okawaru was most pleased with you.
You were very hungry.

You visited 2 branches of the dungeon, and saw 9 of its levels.

You collected 340 gold pieces.
You spent 300 gold pieces at shops.

Inventory:

Hand Weapons
 b - a +0 blowgun
 n - a +1 rapier (weapon)
Missiles
 c - 40 poisoned needles
 d - 6 curare-tipped needles
 k - 3 needles of confusion
 q - a throwing net (quivered)
 w - 2 javelins
Jewellery
 g - a +3 ring of protection (left tentacle)
 l - a ring of protection from cold (on tentacle)
 o - a ring of resist corrosion (right tentacle)
 u - a ring of flight (on tentacle)
 z - the ring of Nuoraxt (on tentacle) {Wiz rPois rC+ Str+4 Int+4}
   (You found it on level 4 of the Dungeon)

   [ring of wizardry]

   It improves your spell success rate.
   It affects your strength (+4).
   It affects your intelligence (+4).
   It protects you from cold.
   It protects you from poison.
 K - a ring of magical power (on tentacle)
 L - an amulet of magic regeneration (around mantle)
Wands
 F - a wand of flame (47/48)
Scrolls
 a - a scroll of blinking {unknown}
 h - 5 scrolls of remove curse
 i - a scroll of amnesia
 x - a scroll of enchant weapon
Potions
 e - 2 potions of haste
 j - 2 potions of curing
 p - 2 potions of mutation
 r - a potion of ambrosia
 s - a potion of resistance
 E - a potion of flight
 I - a potion of cure mutation
Books
 G - a book of Fire

   Spells                             Type                      Level
   a - Ignite Poison                  Fire/Transmutation/Poison    3
   b - Fireball                       Conjuration/Fire             5
   c - Bolt of Fire                   Conjuration/Fire             6
   d - Delayed Fireball               Conjuration/Fire             7
   e - Ring of Flames                 Charms/Fire                  7
Comestibles
 f - 3 bread rations
 m - a beef jerky
 v - 3 meat rations
 C - a slice of pizza


   Skills:
 + Level 4.3 Fighting
 * Level 8.4 Short Blades
 - Level 2.0 Throwing
 * Level 8.1 Dodging
 + Level 9.8 Stealth


You had 8 spell levels left.
You didn't know any spells.

Dungeon Overview and Level Annotations

Branches:
Dungeon (8/15)             Temple (1/1) D:6
   Lair: D:8-11

Altars:
Ashenzari
Fedhas
Hepliaklqana
Okawaru
Ru
Trog
Uskayaw
Vehumet
Yredelemnul

Shops:
D:8 =

Annotations:
D:8 Prince Ribbit


Innate Abilities, Weirdness & Mutations

You cannot wear most types of armour.
You are very stealthy in the water.
You are amphibious.
You can wear up to eight rings at the same time.
You can use your tentacles to constrict eight enemies at once.
Your skin changes colour to match your surroundings (Stealth+).
Your rubbery body absorbs attacks. (AC +1, EV +1)
Scrolls take you a little longer to read.
You are somewhat resistant to further mutation.


Message History

Prince Ribbit hits you. Prince Ribbit completely misses you.
You barely miss the centaur.
The centaur unwields an uncursed shortbow.
The centaur hits you but does no damage.
Prince Ribbit closely misses you.
You hit the centaur. Your squeeze misses the centaur.
The centaur is lightly wounded.
The centaur misses you. Prince Ribbit hits you.
You hit the centaur but do no damage.
The centaur is lightly wounded.
The centaur barely misses you. Prince Ribbit barely misses you.
The centaur misses you.
You puncture the centaur!
The centaur is moderately wounded.
Prince Ribbit hits you!
* * * LOW HITPOINT WARNING * * *
The orc priest invokes the aid of Beogh against you.
Beogh smites you!
You die...

#.....##.....# #.....##.....#
#######...##.....#
##...#.)(oo....o..#
..(....#########o.+ ##.....#
#..# #.......c._. #..#
...o...#c.... #Fc#
.......#########@.# .......
##................#........#
#....#....##.....#........##+###
#....#...........#........#.....
#....#........∩..#........#.....
#...........#........#.....
#...........#........#.....
#...........#........'.....
####'###...##........#....#


You could see Prince Ribbit, a centaur, an orc priest and an orc wizard.

Vanquished Creatures
  An ugly thing (D:7)
  The ghost of Lochraine the Chiller, a novice OpIE of Kikubaaqudgha (D:7)
  5 yaks (D:7)
  2 ice beasts (D:7)
  A black bear (D:6)
  A centaur (D:7)
  Blork the orc (D:6)
  A crocodile (D:8)
  A big kobold (D:7)
  A bullfrog (D:7)
  4 howler monkeys
  3 crimson imps
  An orc priest (D:4)
  2 hounds
  5 orc wizards
  A bullfrog skeleton (D:6)
  An iguana (D:4)
  4 worker ants
  A hound zombie (D:6)
  8 adders
  8 gnolls
  2 shadow imps
  2 oozes (D:4)
  2 adder zombies
  4 worms
  2 dart slugs (D:1)
  4 leopard geckos
  13 orcs
  4 giant cockroaches
  9 goblins
  6 hobgoblins
  7 jackals
  12 kobolds
  A quokka (D:3)
  5 bats
  4 frilled lizards
  A jackal skeleton (D:4)
  14 rats
145 creatures vanquished.

Notes
Turn   | Place    | Note
-------+----------+-------------------------------------------
     0 | D:1      | HungrySpirit the Octopode Assassin began the quest for the Orb.
     0 | D:1      | Reached XP level 1. HP: 14/14 MP: 1/1
    76 | D:1      | Reached XP level 2. HP: 10/19 MP: 2/2
   564 | D:1      | Reached XP level 3. HP: 24/24 MP: 3/3
  1453 | D:2      | Reached XP level 4. HP: 28/29 MP: 4/4
  1480 | D:2      | Found a hazy altar of Hepliaklqana.
  1880 | D:3      | Found a basalt altar of Yredelemnul.
  1936 | D:3      | Reached skill level 6 in Stealth
  2102 | D:3      | Reached XP level 5. HP: 29/34 MP: 5/5
  2695 | D:3      | Noticed a moth of wrath
  2698 | D:3      | Found a bloodstained altar of Trog.
  2740 | D:3      | You fall through a shaft for 2 floors!
  2740 | D:5      | Entered Level 5 of the Dungeon
  2819 | D:4      | Reached XP level 6. HP: 39/39 MP: 6/6
  3683 | D:4      | Got a transparent bronze ring
  3706 | D:4      | Reached skill level 7 in Stealth
  3710 | D:4      | Reached XP level 7. HP: 45/45 MP: 7/7
  3918 | D:5      | Found a blossoming altar of Fedhas.
  4566 | D:6      | Reached skill level 5 in Short Blades
  4586 | D:6      | Noticed Blork the orc
  4602 | D:6      | Killed Blork the orc
  4602 | D:6      | Reached skill level 5 in Dodging
  4616 | D:6      | Identified the ring of Nuoraxt {Wiz rPois rC+ Str+4 Int+4} (You found it on level 4 of the Dungeon)
  4757 | D:6      | Found a sacrificial altar of Ru.
  4768 | D:6      | Found a staircase to the Ecumenical Temple.
  4780 | Temple   | Entered the Ecumenical Temple
  4798 | Temple   | Became a worshipper of Warmaster Okawaru
  5033 | D:6      | Reached XP level 8. HP: 40/50 MP: 8/8
  5291 | D:7      | Found an iron altar of Okawaru.
  5354 | D:7      | Reached skill level 8 in Stealth
  5475 | D:7      | Found a shattered altar of Ashenzari.
  5553 | D:6      | Gained mutation: Scrolls take you a little longer to read. [potion of mutation]
  5553 | D:6      | Gained mutation: You are somewhat resistant to further mutation. [potion of mutation]
  5606 | D:7      | Noticed Lochraine's ghost (novice OpIE)
  6051 | D:6      | Reached * piety under Okawaru
  6199 | D:7      | Noticed a yak
  6200 | D:7      | Noticed a yak
  6201 | D:7      | Noticed a yak
  6205 | D:7      | Noticed a yak
  6208 | D:7      | Noticed a yak
  6217 | D:7      | Killed a yak
  6231 | D:7      | Killed a yak
  6235 | D:7      | Killed a yak
  6235 | D:7      | Reached ** piety under Okawaru
  6244 | D:7      | Killed a yak
  6252 | D:7      | Killed a yak
  6252 | D:7      | Reached XP level 9. HP: 36/57 MP: 9/9
  6358 | D:7      | Noticed a purple ugly thing
  6372 | D:7      | Killed a purple ugly thing
  6372 | D:7      | Reached skill level 9 in Stealth
  6538 | D:7      | Reached *** piety under Okawaru
  6751 | D:7      | Found a hide-covered altar of Uskayaw.
  6914 | D:7      | Killed Lochraine's ghost
  7386 | D:8      | Found Fydoen's Jewellery Shop.
  7392 | D:8      | Bought an uncursed ring of protection from cold for 300 gold pieces
  7413 | D:8      | Found a radiant altar of Vehumet.
  7413 | D:8      | Noticed Prince Ribbit
  7435 | D:8      | Killed from afar by an orc priest

Vault maps used:
D:1:      dpeg_arrival_radiant, minmay_misc_feat_chi
D:2:      lemuel_doored_altar, grunt_ministairs_5, minmay_misc_feat_alley,
          roderic_bipointed_swastika
D:3:      yredelemnul_altar_generic, tgw_trog
D:5:      fedhas_altar_2, first_bread, nicolae_ossuary_entry_false_entrances
D:6:      black_bear_nest_2, basic_altar, uniq_blork_the_orc
D:7:      evilmike_ruin_ashenzari, old_standard_altar, basic_altar
D:8:      statuecave_lemuel, vehumet_statue, nemelex_xobeh_ov_fountains_minmay,
          serial_shops, shop, uniq_pikel, uniq_prince_ribbit1
Temple:   nicolae_temple_figure_eight

Skill      XL: |  1  2  3  4  5  6  7  8  9 |
---------------+----------------------------+-----
Dodging        | 2 3 4 5 7 8 |  8.1
Short Blades   | 3 4 5 7 8 |  8.4
Stealth        | 6 7 8 9 |  9.8
Fighting       | 3 4 |  4.3
Throwing       | |  2.0

Action                   |  1- 3 |  4- 6 |  7- 9 || total
-------------------------+-------+-------+-------++-------
Melee: Dagger            |    77 |   127 |    62 ||   266
       Constrict         |    18 |    23 |    25 ||    66
       Tentacles         |     5 |    24 |    42 ||    71
       Rapier            |       |       |   143 ||   143
       Punch             |       |       |     2 ||     2
 Fire: Blowgun           |       |     7 |       ||     7
Throw: Throwing net      |       |       |     1 ||     1
Invok: Heroism           |       |       |     3 ||     3
  Use: Scroll            |       |       |    13 ||    13
       Potion            |       |       |     9 ||     9
 Stab: Sleeping          |    10 |    13 |    15 ||    38
       Distracted        |       |     1 |       ||     1
       Invisible         |       |       |     8 ||     8
  Eat: Chunk             |     2 |     7 |     7 ||    16
       Royal jelly       |       |       |     2 ||     2
Armor: Skin              |     9 |    15 |    23 ||    47
Dodge: Dodged            |    37 |    72 |   140 ||   249
